 Dungeon Crawl Stone Soup version 0.27.0-1-g7a089689b8 (webtiles) character file.

Game seed: 2056782672072829881

371 Alakanar the Conjurer (level 6, 0/46 HPs)
             Began as a Draconian Conjurer on Aug 4, 2021.
             Succumbed to an adder's poison
             ... on level 4 of the Dungeon.
             The game lasted 00:19:23 (4560 turns).

Alakanar the Conjurer (Draconian Conjurer)          Turns: 4560, Time: 00:19:23

Health: 0/46       AC:  6    Str:  9    XL:     6   Next: 42%
Magic:  12/21      EV: 12    Int: 26    God:
Gold:   88         SH:  0    Dex: 10    Spells: 10/13 levels left

rFire    . . .     SeeInvis .   a - +0 dagger (pain)
rCold    . . .     Faith    .   (no shield)
rNeg     . . .     Spirit   .   (armour unavailable)
rPois    .         Reflect  .   (helmet restricted)
rElec    .         Harm     +   i - scarf {harm}
rCorr    .         Rampage  .   (no gloves)
Will     .....                  (no boots)
Stlth    ++........             (no amulet)
HPRegen  0.15/turn              m - +6 ring of intelligence
MPRegen  0.17/turn              n - ring of magical power

@: lethally poisoned (0 -> -1), on berserk cooldown, slowed, very slow
A: AC +6, unfitting armour, cold-blooded
a: no special abilities


You were on level 4 of the Dungeon.
You visited 1 branch of the dungeon, and saw 4 of its levels.

You collected 88 gold pieces.

Inventory:

Hand Weapons
 a - a +0 dagger of pain (weapon)
Armour
 g - a +0 robe
 i - a scarf of harm (worn)
Jewellery
 m - a +6 ring of intelligence (left hand)
 n - a ring of magical power (right hand)
Wands
 l - a wand of acid (7)
Scrolls
 b - 2 scrolls of torment
 c - 2 scrolls of identify {unknown}
 d - a scroll of silence {unknown}
 e - a scroll of teleportation {unknown}
 o - a scroll of amnesia
Potions
 h - a potion of curing {unknown}
 j - a potion of heal wounds {unknown}
 k - a potion of lignification {unknown}


   Skills:
 - Level 0.4 Fighting
 - Level 1.5 Short Blades
 + Level 2.6 Dodging
 - Level 2.0 Stealth
 + Level 4.1 Spellcasting
 + Level 5.8 Conjurations


You had 10 spell levels left.
You knew the following spells:

 Your Spells              Type           Power      Damage    Failure   Level
a - Magic Dart            Conj           100%       1d8       1%          1
b - Searing Ray           Conj           70%        3d5       1%          2

Your spell library contained the following spells:

 Spells                   Type           Power      Damage    Failure   Level
 Dazzling Flash           Conj/Hex       40%        N/A       8%          3
 Fulminant Prism          Conj/Hex       10%        3d9       26%         4
 Iskenderun's Mystic Bla  Conj/Tloc      20%        2d6       26%         4


Dungeon Overview and Level Annotations

Branches:
Dungeon (4/15)
 Temple: D:4-7

Altars:


Innate Abilities, Weirdness & Mutations

Your plain brown scales are hard. (AC +6)
You cannot fit into any form of body armour.
You are cold-blooded and may be slowed by cold attacks.


Message History

* * * LOW HITPOINT WARNING * * *
You are lethally poisoned!
The adder poisons you!
Casting: Searing Ray (safe; 1% risk of failure)
Confirm with . or Enter, or press ? or * to list all spells.
Aiming: Searing Ray (safe; 1% risk of failure)
Press: ? - help, Shift-Dir - straight line, f/p - ogre
Aim: an ogre, wielding a +0 giant club (almost dead, 91% to hit)
The searing ray hits the adder!
You kill the adder!
The searing ray hits the ogre!
You kill the ogre! (Press . to maintain the ray.)
* * * LOW HITPOINT WARNING * * *
You feel sick.
Your Spellcasting skill increases to level 4!
There is a lethal amount of poison in your body!
Unknown command.
There is a lethal amount of poison in your body!
Unknown command.
There is a lethal amount of poison in your body!
There is a lethal amount of poison in your body!
There is a lethal amount of poison in your body!
There is a lethal amount of poison in your body!
There is a lethal amount of poison in your body!
It was a potion of berserk rage.
A red film seems to cover your vision as you go berserk!
You feel yourself moving faster!
You feel mighty!
* * * LOW HITPOINT WARNING * * *
You feel sick.
You are too berserk!
You feel a strong urge to attack something.
* * * LOW HITPOINT WARNING * * *
You feel sick.
* * * LOW HITPOINT WARNING * * *
You feel sick.
You feel your anger nearly subside.
You are no longer berserk.
You are exhausted.
You feel yourself slow down.
You die...

.........#... ..#.####..#......
.........##..####....###...#####.
.........###..#.......###.####.#.
...........##..........#...#.....
................................#
...†....###.....†....##.........#
..#...†...#...........#......)...
.........†)....#.....##..........
................@.....##.........
...?†#....)##....................
....##......###.....###..........
...##..>....###.......#...##.....
........#.........#.....######..#
.......###..##.##.####.## #...#
.......# #..........#### #..##
.###..## #.#.####.### #### #...
#.....# #.#


There were no monsters in sight!

Vanquished Creatures
  An ogre (D:4)
  A phantom (D:4)
  A hound (D:4)
  3 gnolls (D:2)
  5 adders
  4 worms (D:2)
  5 dart slugs
  5 orcs
  11 endoplasms
  2 giant cockroaches
  7 hobgoblins
  11 jackals
  3 quokkas
  4 ball pythons
  5 bats
  3 frilled lizards
  10 goblins
  5 kobolds
  4 rats
90 creatures vanquished.

Notes
Turn   | Place    | Note
-------+----------+-------------------------------------------
     0 | D:1      | Alakanar the Draconian Conjurer began the quest for the
                  | Orb.
     0 | D:1      | Reached XP level 1. HP: 14/14 MP: 3/3
   272 | D:1      | Reached XP level 2. HP: 20/20 MP: 0/5
  1066 | D:2      | Reached XP level 3. HP: 16/26 MP: 0/6
  1215 | D:2      | Found a faded altar of an unknown god.
  2171 | D:2      | Reached skill level 1 in Short Blades
  2174 | D:2      | Learned a level 2 spell: Searing Ray
  2557 | D:2      | Reached XP level 4. HP: 32/34 MP: 1/8
  3472 | D:3      | Reached skill level 5 in Conjurations
  3472 | D:3      | Reached XP level 5. HP: 31/39 MP: 0/9
  4291 | D:4      | Noticed a phantom
  4300 | D:4      | Killed a phantom
  4539 | D:4      | Reached XP level 6. HP: 46/46 MP: 11/11
  4557 | D:4      | HP: 3/69 [poisoned by an adder]
  4560 | D:4      | Succumbed to an adder's poison

Illustrated notes

Levels and vault maps discovered:
D:1:      dpeg_arrival_refuge, layout_basic
D:2:      layout_loops_ring, shapermc_ecumenical_altar_totnotflames
D:3:      layout_basic, minmay_misc_feat_square
D:4:      layout_cave_pools

Skill      XL: |  1  2  3  4  5  6 |
---------------+-------------------+-----
Short Blades   | 1 |  1.5
Stealth        | 2 |  2.0
Dodging        | 2 |  2.6
Spellcasting   | 3 4 |  4.1
Conjurations   | 5 |  5.8
Fighting       | |  0.4

Action                   |  1- 3 |  4- 6 || total
-------------------------+-------+-------++-------
Melee: Dagger            |    52 |     9 ||    61
       Tailslap          |     4 |     1 ||     5
 Cast: Magic Dart        |    83 |    52 ||   135
       Searing Ray       |     8 |    31 ||    39
  Use: Scroll            |     2 |       ||     2
       Potion            |       |     1 ||     1
Armor: Skin              |    17 |    17 ||    34
Dodge: Dodged            |    29 |    46 ||    75
